 Dungeon Crawl Stone Soup version 0.31-a0-746-ge8284cb111 (webtiles) character file.

Game seed: 9088710926048965263

2 GordonOverkill the Sneak (level 1, -8/13 HPs)
             Began as a Deep Elf Delver on Sept 14, 2023.
             Mangled by a gnoll
             ... wielding a +0 halberd
             ... led by a gnoll bouda
              (12 damage)
             ... on level 4 of the Dungeon.
             The game lasted 00:00:29 (98 turns).

GordonOverkill the Sneak (Deep Elf Delver)            Turns: 98, Time: 00:00:30

Health: -8/13      AC:  3    Str:  9    XL:     1   Next: 33%
Magic:  3/3        EV: 12    Int: 14    God:
Gold:   28         SH:  0    Dex: 16    Spells: 0/0 levels left

rFire   . . .        a - +0 short sword
rCold   . . .        (no shield)
rNeg    . . .        b - +0 leather armour
rPois   .            (no helmet)
rElec   .            (no cloak)
rCorr   .            (no gloves)
SInv    .            (no boots)
Will    .....        (no amulet)
Stlth   +++          (no ring)
HPRegen 0.22/turn    (no ring)
MPRegen 0.08/turn

%: no passive effects
@: no status effects
A: no striking features
a: no special abilities


You were on level 4 of the Dungeon.
You visited 1 branch of the dungeon, and saw 3 of its levels.

You collected 28 gold pieces.

Inventory:

Hand Weapons
 a - a +0 short sword (weapon)
Armour
 b - a +0 leather armour (worn)
Wands
 g - a wand of digging (3)
Scrolls
 c - a scroll of fog
 d - a scroll of revelation
 e - a scroll of fear
Potions
 f - a potion of haste


   Skills:
 + Level 2.6 Fighting
 - Level 2.0 Short Blades
 - Level 2.4 Dodging
 - Level 6.0 Stealth


You couldn't memorise any spells.
You didn't know any spells.
Your spell library was empty.

Dungeon Overview and Level Annotations

Branches:
Dungeon (6/15)
 Temple: D:4-7

Altars:

Annotations:
D:4 1 transporter
D:6 Menkaure


Message History

A kobold comes into view. It is wielding a +0 short sword.
Found a scroll labelled BECULO JYSSOZU and 8 gold pieces.
A quokka comes into view.
A quokka is nearby!
An orc comes into view. It is wielding a +0 short sword.
An orc priest comes into view. It is wielding a +0 club.
You hit the quokka.
The quokka is almost dead.
The quokka completely misses you.
You closely miss the quokka.
The quokka is almost dead.
The quokka bites you.
You barely miss the quokka.
The quokka is almost dead.
The quokka bites you but does no damage. x2
You hit the quokka but do no damage.
The quokka is almost dead.
The quokka barely misses you.
You closely miss the quokka.
The quokka is almost dead.
The quokka barely misses you.
You hit the quokka.
You kill the quokka!
No target in view!
No target in view!
There is a stone staircase leading down here.
You climb downwards.
There is a stone staircase leading up here.
There is a stone staircase leading up here.
You climb upwards.
Level annotation: 1 transporter The jackal barks!
The gnoll shouts! x3; The orc shouts!
The jackal barks!
The gnoll shouts!
The endoplasm quivers.
The gnoll hits you with a +0 flail!
Ouch! That really hurt!
* * * LOW HITPOINT WARNING * * *
The gnoll hits you with a +0 halberd!
Ouch! That really hurt!
You die...

++++###########
...............
....~≈~~~~~≈~≈≈
....~~≈≈≈~≈≈≈≈≈
....~~~~~≈~~~~~
......hgh.g.o..
.......@g.ggg..
#######g#######
#J# #.# #.# #.#
....#+#..# #
.......... #.
#........#


You could see a gnoll bouda (wandering), 6 gnolls, an orc, an endoplasm and 2
jackals.

Vanquished Creatures
  2 quokkas (D:4)
2 creatures vanquished.

Notes
Turn   | Place    | Note
-------+----------+-------------------------------------------
     0 | D:5      | GordonOverkill the Deep Elf Delver began the quest for the
                  | Orb.
     0 | D:5      | Reached XP level 1. HP: 13/13 MP: 3/3
     1 | D:6      | Noticed Menkaure
     1 | D:6      | Noticed a steam dragon
     1 | D:6      | Noticed an ice beast
     1 | D:6      | Noticed an orc wizard
     1 | D:6      | Noticed an orc wizard
    14 | D:5      | Noticed a jelly
    26 | D:4      | Found a transporter.
    41 | D:4      | Noticed a hound
    69 | D:4      | Noticed an orc priest
    98 | D:4      | Noticed a gnoll bouda
    98 | D:4      | Mangled by a gnoll

Illustrated notes

Levels and vault maps discovered:
D:4:      lemuel_castle_with_subvaults [lemuel_castle_interior_carwin_2],
          layout_basic, mainiacjoe_overflow_divided_tiny,
          gammafunk_ghost_mausoleum, uniq_grinder
D:5:      layout_rooms, minmay_temple_entry_nine_rooms
D:6:      layout_gridville, gup_ossuary_entry_pyramid, uniq_menkaure,
          uniq_blork_the_orc

Action                     || total
---------------------------++-------
  Melee: Short sword       ||    11
 Armour: Leather armour    ||     7
  Dodge: Dodged            ||     7

Table legend: (Time is in decaauts)
 A = Elapsed time spent in this place.
 B = Non-inter-level travel time spent in this place.
 C = Inter-level travel time spent in this place.
 D = Time resting spent in this place.
 E = Time spent auto-exploring this place.
 F = Levels seen in this place.
 G = Mean time per level.
                   A        B        C        D        E       F      G
               +--------+--------+--------+--------+--------+-----+--------+
         Total |     97 |     97 |      0 |      0 |      0 |   3 |   32.3 |
       Dungeon |     97 |     97 |      0 |      0 |      0 |   3 |   32.3 |
               +--------+--------+--------+--------+--------+-----+--------+

Top non-repeatable levels by time:
     D:4: 64 daAuts
     D:5: 31 daAuts
     D:6: 1 daAuts
